 Dungeon Crawl Stone Soup version 0.20.1-1-g8b1a95d (webtiles) character file.

213 dohliylev the Grave Robber (level 5, 0/35 HPs)
             Began as a Vampire Necromancer on Dec 18, 2017.
             Succumbed to an orc wizard's poison
             ... on level 4 of the Dungeon.
             The game lasted 00:12:50 (3017 turns).

dohliylev the Grave Robber (Vampire Necromancer)    Turns: 3017, Time: 00:12:51

Health: 0/35       AC:  2    Str: 12    XL:     5   Next: 59%
Magic:  23/24      EV: 21    Int: 19    God:
Gold:   220        SH:  5    Dex: 19    Spells: 4/10 levels left

rFire    . . .     SeeInvis +   r - staff of power
rCold    . . .     Gourm    .   f - +0 buckler
rNeg     + . .     Faith    .   a - +0 robe
rPois    .         Spirit   .   (no helmet)
rElec    .         Reflect  .   (no cloak)
rCorr    .         Harm     .   (no gloves)
MR       .....                  (no boots)
Stlth    ++++......             (no amulet)
Regen    0.2/turn               j - +3 ring of evasion
MPRegen  0.2/turn               (no ring)

@: mighty, agile, lethally poisoned (0 -> -6)
A: fangs 3, see invisible, unbreathing
a: Bat Form


You were on level 4 of the Dungeon.
You were not thirsty.

You visited 1 branch of the dungeon, and saw 4 of its levels.

You collected 220 gold pieces.

Inventory:

Armour
 a - a +0 robe (worn)
 f - a +0 buckler (worn)
Magical Staves
 r - an uncursed staff of power (weapon)
Jewellery
 j - a +3 ring of evasion (left hand)
Scrolls
 e - 2 scrolls of enchant armour
 g - 2 scrolls of identify
 k - a scroll of fog
 m - a scroll of noise
 q - a scroll of teleportation
 s - a scroll of remove curse
Potions
 c - 13 potions of blood
 h - a potion of ambrosia {unknown}
 i - a potion of brilliance {unknown}
 l - a potion of degeneration {unknown}
 n - a potion of agility
 o - a potion of heal wounds {unknown}
Books
 b - a book of Necromancy

   Spells                             Type                      Level
   a - Pain                           Necromancy                   1
   b - Animate Skeleton               Necromancy                   1
   c - Vampiric Draining              Necromancy                   3
   d - Regeneration                   Charms/Necromancy            3
   e - Animate Dead                   Necromancy                   4
   f - Control Undead                 Necromancy                   4


   Skills:
 - Level 2.1 Dodging
 - Level 3.0 Stealth
 + Level 2.6 Shields
 - Level 3.0 Spellcasting
 - Level 6.0 Necromancy


You had 4 spell levels left.
You knew the following spells:

 Your Spells              Type           Power        Failure   Level  Hunger
a - Pain                  Necr           ####         1%          1    None
b - Animate Skeleton      Necr           N/A          1%          1    None
c - Control Undead        Necr           ####......   14%         4    ####...


Dungeon Overview and Level Annotations

Branches:
Dungeon (4/15)
 Temple: D:4-7

Altars:

Shops:
D:4 *

Annotations:
D:4 soepske's ghost, amateur DsAK


Innate Abilities, Weirdness & Mutations

You have razor-sharp teeth.
You have supernaturally acute eyesight. (SInv)
You can survive without breathing.


Message History

* * * LOW HITPOINT WARNING * * *
You feel sick. You block the orc's attack.
The orc wizard hits you with a dagger of venom.
* * * LOW HITPOINT WARNING * * *
The orc barely misses you. x2
The orc wizard gestures at you while chanting.
The puff of frost misses you.
Things that are here:
a club; a leather armour
* * * LOW HITPOINT WARNING * * *
You feel sick. You block the orc wizard's attack.
* * * LOW HITPOINT WARNING * * *
You feel sick.
It was a potion of agility.
You feel agile all of a sudden.
The orc wizard mumbles some strange words.
The orc wizard blinks!
It was a potion of might.
You feel very mighty all of a sudden.
You die...

### ... #.# #o#
#.# #.# #@#
..####o### ####.
......oo).####..>
.....
................#
##..#
#.####..#.####..#
... #...... ##.∩
#...#..... #>..
#.#.####### #..#
#.#.# #.#.


You could see 2 orc wizards and 2 orcs.

Vanquished Creatures
  A bullfrog (D:3)
  Jessica (D:3)
  Ijyb (D:3)
  3 adders
  A worm (D:2)
  A dart slug (D:1)
  4 leopard geckos
  An orc (D:4)
  8 bats
  2 giant cockroaches (D:1)
  6 goblins
  9 hobgoblins
  2 jackals (D:1)
  3 quokkas (D:3)
  7 frilled lizards
  6 kobolds
  7 rats
63 creatures vanquished.

Notes
Turn   | Place    | Note
-------+----------+-------------------------------------------
     0 | D:1      | dohliylev the Vampire Necromancer began the quest for the Orb.
     0 | D:1      | Reached XP level 1. HP: 13/13 MP: 3/3
    56 | D:1      | Learned a level 1 spell: Animate Skeleton
   302 | D:1      | Reached XP level 2. HP: 19/19 MP: 3/5
   309 | D:1      | Reached skill level 5 in Necromancy
   998 | D:1      | Reached XP level 3. HP: 20/24 MP: 0/6
  1592 | D:2      | Reached skill level 6 in Necromancy
  1834 | D:2      | Reached XP level 4. HP: 30/30 MP: 7/7
  2136 | D:3      | Noticed Jessica
  2141 | D:3      | Killed Jessica
  2589 | D:3      | Noticed a bullfrog
  2595 | D:3      | Killed a bullfrog
  2595 | D:3      | Reached XP level 5. HP: 21/35 MP: 9/9
  2701 | D:4      | Noticed Ijyb
  2737 | D:4      | Found Nar Heu's Assorted Antiques.
  2738 | D:4      | Noticed an ogre
  2773 | D:3      | Killed Ijyb
  2970 | D:4      | Noticed soepske's ghost (amateur DsAK)
  2981 | D:3      | Learned a level 4 spell: Control Undead
  3015 | D:4      | HP: 1/35 [poisoned by an orc wizard]
  3017 | D:4      | Succumbed to an orc wizard's poison

Skill      XL: |  1  2  3  4 |
---------------+-------------+-----
Necromancy     | 5 6 |  6.0
Spellcasting   | 3 |  3.0
Shields        | 2 |  2.6
Dodging        | |  2.1
Stealth        | |  3.0

Action                   |  1- 3 |  4- 6 || total
-------------------------+-------+-------++-------
Melee: Unarmed           |     5 |       ||     5
       Dagger            |     3 |       ||     3
       Staff             |       |     2 ||     2
       Bite              |       |     1 ||     1
 Cast: Pain              |    80 |    42 ||   122
       Animate Skeleton  |     1 |       ||     1
  Use: Scroll            |     3 |     4 ||     7
       Potion            |       |     2 ||     2
 Stab: Sleeping          |     1 |       ||     1
  Eat: Corpse            |    11 |       ||    11
Armor: Robe              |     2 |     1 ||     3
Dodge: Dodged            |    19 |    25 ||    44
Block: Buckler           |     5 |    10 ||    15
